 Dungeon Crawl Stone Soup version 0.25.0-15-gac7dcb8919 (webtiles) character file.

Game seed: 17296518520247257118

578 Esekla the Magician (level 7, -7/38 HPs)
             Began as a Deep Elf Wanderer on June 28, 2020.
             Was a Follower of Vehumet.
             Mangled by a wight
             ... wielding a +3 trident
              (8 damage)
             ... on level 7 of the Dungeon.
             The game lasted 00:49:11 (6119 turns).

Esekla the Magician (Deep Elf Wanderer)             Turns: 6119, Time: 00:49:11

Health: -7/38      AC:  4    Str:  8 (10) XL:     7   Next: 13%
Magic:  9/19       EV: 12    Int: 18 (19) God:    Vehumet [*.....]
Gold:   230        SH:  0    Dex: 11 (13) Spells: 10/19 levels left

rFire    . . .     SeeInvis .   m - +0 falchion
rCold    . . .     Gourm    .   (no shield)
rNeg     . . .     Faith    .   c - +0 robe
rPois    .         Spirit   .   v - +0 helmet (curse)
rElec    .         Reflect  .   (no cloak)
rCorr    .         Harm     .   (no gloves)
MR       .....                  y - +0 pair of boots
Stlth    ++........             (no amulet)
HPRegen  0.12/turn              l - ring of stealth
MPRegen  0.16/turn              (no ring)

@: heavily drained
A: no striking features
a: Renounce Religion


You were on level 7 of the Dungeon.
You worshipped Vehumet.
Vehumet was aware of your devotion.
You were hungry.

You visited 2 branches of the dungeon, and saw 8 of its levels.

You collected 230 gold pieces.

Inventory:

Hand Weapons
 a - a +0 dagger
 g - a cursed +0 spear
 m - a +0 falchion (weapon)
Missiles
 s - 5 boomerangs (quivered)
Armour
 b - a +0 buckler
 c - a +0 robe (worn)
 r - a +0 leather armour of poison resistance
 v - a cursed +0 helmet (worn)
 y - a +0 pair of boots (worn)
Jewellery
 l - a ring of stealth (left hand)
Scrolls
 d - a scroll of remove curse {unknown}
 e - a scroll of magic mapping {unknown}
 h - 6 scrolls of identify {unknown}
 j - a scroll of fog {unknown}
 n - a scroll of enchant weapon {unknown}
 p - a scroll of blinking {unknown}
 t - a scroll of immolation {unknown}
Potions
 i - a potion of curing {unknown}
 k - a potion of might {unknown}
 o - a potion of heal wounds {unknown}
 q - a potion of cancellation
 u - a potion of ambrosia {unknown}
 w - a potion of degeneration
 x - a potion of flight {unknown}
Comestibles
 f - 5 rations


   Skills:
 - Level 1.0(0.0) Fighting
 + Level 2.0(0.8) Short Blades
 + Level 1.0(0.2) Long Blades
 * Level 3.0(1.6) Dodging
 + Level 1.6(0.3) Stealth
 + Level 1.0(0.0) Shields
 * Level 6.7(5.2) Spellcasting
 * Level 2.6(1.2) Conjurations
   Level 1.1(0.0) Summonings
 * Level 1.4(0.1) Transmutations
 * Level 1.2(0.0) Fire Magic
 * Level 2.3(1.0) Air Magic
 * Level 3.2(1.9) Poison Magic
   Level 1.1(0.0) Evocations


You had 10 spell levels left.
You knew the following spells:

 Your Spells              Type           Power        Failure   Level  Hunger
a - Sting                 Tmut/Pois      #...         9%          1    None
c - Mephitic Cloud        Conj/Pois/Air  #.......     22%         3    ##.....
n - Ignite Poison         Fire/Tmut/Pois #.......     30%         3    ##.....
v - Poisonous Vapours     Pois/Air       #.....       11%         2    #......

Your spell library contained the following spells:

 Spells                   Type           Power        Failure   Level  Hunger
 Sandblast                Erth           #.....       13%         1    None
 Olgreb's Toxic Radiance  Pois           ##......     52%         4    ####...


Dungeon Overview and Level Annotations

Branches:
Dungeon (6/15)             Temple (1/1) D:5

Altars:
Ashenzari
Cheibriados
Dithmenos
Elyvilon
Fedhas
Gozag
Hepliaklqana
Kikubaaqudgha
Makhleb
Nemelex Xobeh
Okawaru
Qazlal
Ru
Sif Muna
Trog
Uskayaw
Vehumet
Wu Jian
Xom
Yredelemnul
Zin

Annotations:
D:4 1 runed translucent door


Message History

You barely miss the hound.
The hound is lightly wounded.
You feel less confused.
You are feeling hungry.
The hound bites you. The wight barely misses you.
The ogre is engulfed in noxious fumes.
The ogre appears confused.
The hound bites you.
The wight hits you from afar with a +3 trident!
* * * LOW HITPOINT WARNING * * *
You feel drained.
* * * LOW HITPOINT WARNING * * *
It was a potion of cancellation.
You feel magically purged.
Your magical contamination has completely faded away.
The wight closely misses you.
You riposte.
You hit the wight but do no damage.
It was a potion of degeneration.
There was something very wrong with that liquid.
You feel weakened.
You feel dopey.
You feel clumsy. The hound misses you.
The wight hits you from afar with a +3 trident!
You die...

## #####.###
#≈≈≈≈≈°.## ##########
≈≈≈≈≈≈≈≈@# #...zh...#
≈≈≈≈≈≈Ozh# #.######.#
≈≈≈≈≈≈≈.z# #.# #z#
####≈≈≈≈.####.# #.#
#..≈.≈≈≈...#.# #z#
#.≈.≈≈≈..#z#.######h#
...≈..≈≈.......z.z.#.#
##.≈≈≈≈≈.#.##.####.#.#
#..≈≈≈≈.#.##.###....#


You could see an ogre (confused), a hound (confused) and 2 wights.

Vanquished Creatures
  An ogre (D:4)
  3 scorpions
  A wight (D:7)
  A hound (D:3)
  An orc priest (D:5)
  A gnoll shaman (Temple)
  An orc wizard (D:4)
  Robin (D:2)
  2 adders
  6 gnolls
  A shadow imp (D:4)
  An adder skeleton (D:4)
  A dart slug (D:2)
  2 leopard geckos (D:2)
  10 orcs
  2 ball pythons (D:2)
  A giant cockroach (D:2)
  13 goblins
  6 hobgoblins
  9 jackals
  A quokka (D:4)
  7 bats
  4 frilled lizards
  A jackal skeleton (D:4)
  12 kobolds
  4 rats
93 creatures vanquished.

Notes
Turn   | Place    | Note
-------+----------+-------------------------------------------
     0 | D:1      | Esekla the Deep Elf Wanderer began the quest for the Orb.
     0 | D:1      | Esekla set off with the following items: a +0 dagger, a +0
                  | buckler, a +0 robe, a ration; and the following spell
                  | memorised: Sting; and the following spells available to
                  | memorise: Poisonous Vapours, Ignite Poison, Mephitic Cloud,
                  | Olgreb's Toxic Radiance
     0 | D:1      | Reached XP level 1. HP: 12/12 MP: 7/7
   569 | D:1      | Reached XP level 2. HP: 13/16 MP: 5/9
   594 | D:1      | Learned a level 2 spell: Poisonous Vapours
   782 | D:3      | Reached skill level 1 in Dodging
   952 | D:4      | Noticed a scorpion
   963 | D:4      | Noticed an ogre
   964 | D:4      | Noticed a phantom
  1000 | D:3      | Reached skill level 5 in Spellcasting
  1127 | D:3      | Reached XP level 3. HP: 15/20 MP: 0/11
  1132 | D:3      | Learned a level 3 spell: Mephitic Cloud
  1136 | D:3      | Learned a level 3 spell: Ignite Poison
  1618 | D:4      | Killed an ogre
  1618 | D:4      | Reached skill level 1 in Short Blades
  1618 | D:4      | Reached skill level 1 in Air Magic
  1618 | D:4      | Reached XP level 4. HP: 25/25 MP: 4/13
  1618 | D:4      | Reached XP level 5. HP: 29/29 MP: 4/15
  1735 | D:4      | Reached skill level 6 in Spellcasting
  2194 | D:5      | Entered Level 5 of the Dungeon
  2408 | D:4      | Reached skill level 1 in Conjurations
  2655 | D:4      | Reached XP level 6. HP: 34/34 MP: 3/17
  3326 | D:5      | Found a staircase to the Ecumenical Temple.
  3332 | Temple   | Entered the Ecumenical Temple
  3413 | Temple   | Became a worshipper of Vehumet
  3807 | D:3      | Found a sacrificial altar of Ru.
  4047 | D:2      | Reached skill level 1 in Fire Magic
  4872 | D:2      | Noticed Robin
  4881 | D:2      | Reached * piety under Vehumet
  4881 | D:2      | Offered knowledge of Sandblast by Vehumet.
  4889 | D:2      | Killed Robin
  4889 | D:2      | Reached skill level 1 in Transmutations
  5898 | D:4      | Found a runed translucent door.
  5996 | D:4      | You fall into a shaft and drop 3 floors!
  6002 | D:7      | Reached XP level 7. HP: 38/38 MP: 14/19
  6117 | D:7      | HP: 1/38 [wight/+3 trident (3)]
  6119 | D:7      | Mangled by a wight

Illustrated notes

Levels and vault maps discovered:
D:1:      minmay_arrival_stair_chambers, layout_loops_ring, minmay_quantized
D:2:      layout_loops_cross, uniq_robin
D:3:      layout_basic, first_ration, hangedman_ru_absence
D:4:      layout_rooms, ebering_ghost_reflecting_pool, sigmund_army
D:5:      layout_basic, tso_metal_star, minmay_temple_entry_wispy, basic_altar,
          minivault_4, nrook_mini_vaults, kennysheep_generic_room_4
D:6:      layout_basic, uniq_prince_ribbit1
D:7:      layout_loops_ring, serial_rivers, chequers_serial_rivers_small_3,
          chequers_serial_rivers_room_a, chequers_serial_rivers_small_3,
          chequers_serial_rivers_large_a, chequers_serial_rivers_marsh,
          chequers_serial_rivers_micro_c, the_bakery,
          kennysheep_okawaru_gauntlet
Temple:   nicolae_temple_the_god_donut

Skill      XL: |  1  2  3  4  5  6  7 |
---------------+----------------------+-----
Dodging        | 1 2 3 |  3.0
Spellcasting   | 5 6 |  6.7
Poison Magic   | 2 3 |  3.2
Short Blades   | 1 2 |  2.0
Air Magic      | 1 2 |  2.3
Conjurations   | 2 |  2.6
Fire Magic     | 1 |  1.2
Transmutations | 1 |  1.4
Fighting       | |  1.0
Long Blades    | |  1.0
Stealth        | |  1.6
Shields        | |  1.0
Summonings     | |  1.1
Evocations     | |  1.1

Action                   |  1- 3 |  4- 6 |  7- 9 || total
-------------------------+-------+-------+-------++-------
Melee: Dagger            |     5 |    16 |       ||    21
       Falchion          |       |     7 |     1 ||     8
Throw: Boomerang         |       |       |     3 ||     3
 Cast: Sting             |    15 |       |       ||    15
       Poisonous Vapours |    22 |   105 |       ||   127
       Mephitic Cloud    |       |     9 |     3 ||    12
       Ignite Poison     |       |     6 |     1 ||     7
  Use: Potion            |       |       |     2 ||     2
 Stab: Sleeping          |       |     1 |       ||     1
  Eat: Chunk             |     2 |    11 |       ||    13
       Ration            |       |     1 |       ||     1
Armor: Robe              |     1 |     7 |       ||     8
Dodge: Dodged            |    16 |    19 |     5 ||    40
Block: Buckler           |     1 |       |       ||     1
       Rpst.: Falchion   |       |     3 |     1 ||     4
